 Dungeon Crawl Stone Soup version 0.30.1-4-g462c640d31 (webtiles) character file.

Game seed: 15893903816851382310

62792 Joey1 the Warrior (level 14, -10/148 HPs)
             Began as a Minotaur Fighter on Aug 18, 2023.
             Was the Champion of Cheibriados.
             Hit by a silver javelin thrown by a merfolk javelineer (13 damage)
             ... on level 1 of the Shoals on Aug 19, 2023.
             The game lasted 01:24:35 (20884 turns).

Joey1 the Warrior (Minotaur Fighter)               Turns: 20884, Time: 01:24:37

Health: -10/148    AC: 28    Str: 41    XL:     14   Next: 65%
Magic:  4/13       EV: 14    Int: 20    God:    Cheibriados [******]
Gold:   1750       SH: 13    Dex: 25    Spells: 13/13 levels left

rFire   . . .        v - +1 war axe (drain)
rCold   + + .        c - +0 buckler
rNeg    . . .        X - +0 crystal plate armour {rC+}
rPois   .            S - +2 hat
rElec   .            j - +2 cloak
rCorr   .            h - +0 pair of gloves
SInv    +            m - +0 pair of boots {Fly}
Will    +....        O - amulet of reflection Stlth
                     w - ring of protection from cold
HPRegen 0.44/turn    i - ring of see invisible
MPRegen 0.13/turn

%: reflection
@: lethally poisoned (-10 -> -12), flying, very slow
A: horns 2, retaliatory headbutt
a: Renounce Religion, Bend Time, Temporal Distortion, Slouch, Step From Time


You were on level 1 of the Shoals.
You worshipped Cheibriados.
Cheibriados was exalted by your worship.
You visited 5 branches of the dungeon, and saw 18 of its levels.
You also visited: Sewer and Ice Cave.

You collected 2354 gold pieces.
You spent 604 gold pieces at shops.

Inventory:

Hand Weapons
 g - a +2 mace of protection
 v - a +1 war axe of draining (weapon)
 Z - a +2 demon trident of freezing
Missiles
 u - a curare-tipped dart (quivered)
 z - 5 throwing nets
Armour
 c - a +0 buckler (worn)
 h - a +0 pair of gloves (worn)
 j - a +2 cloak (worn)
 m - a +0 pair of boots of flying (worn)
 G - the +1 ring mail of Quhaj {Int+8}
   (You found it on level 6 of the Dungeon)

   Int:       It affects your intelligence (+8).
 S - a +2 hat (worn)
 V - a +1 plate armour of fire resistance
 X - a +0 crystal plate armour of cold resistance (worn)
Jewellery
 a - a ring of protection from fire
 i - a ring of see invisible (right hand)
 w - a ring of protection from cold (left hand)
 x - a ring of poison resistance
 B - a ring of positive energy
 O - an amulet of reflection (around neck)
 P - an amulet of the acrobat
Wands
 q - a wand of roots (10)
 A - a wand of digging (2)
 H - a wand of flame (15)
 M - a wand of mindburst (4)
 R - a wand of charming (10)
 U - a wand of polymorph (9)
Scrolls
 k - a scroll of fear
 l - 7 scrolls of teleportation
 p - a scroll of summoning
 r - 3 scrolls of blinking
 C - a scroll of silence
 D - a scroll of amnesia
 E - 4 scrolls of immolation
 F - 3 scrolls of enchant armour
 I - 3 scrolls of fog
 K - 2 scrolls of noise {unknown}
 T - 2 scrolls of magic mapping {unknown}
Potions
 d - 2 potions of might
 e - 2 potions of haste
 f - 4 potions of mutation
 n - 7 potions of curing
 o - 3 potions of flight {unknown}
 s - 3 potions of heal wounds
 t - 3 potions of brilliance
 J - 2 potions of magic {unknown}
 L - 2 potions of lignification
 N - a potion of ambrosia {unknown}
 Q - a potion of invisibility {unknown}
 W - 3 potions of attraction {unknown}
Miscellaneous
 Y - a box of beasts


   Skills:
 - Level 20.0 Fighting
 - Level 18.0 Axes
 + Level 9.8 Armour
 + Level 8.8 Dodging
 + Level 9.8 Shields


You had 13 spell levels left.
You didn't know any spells.
Your spell library contained the following spells:

 Spells                   Type           Power      Damage    Failure   Level
 Cigotuvi's Dreadful Rot  Necr/Pois/Air  0%         N/A       98%         2
 Sublimation of Blood     Necr           0%         N/A       98%         2
 Wereblood                Tmut           0%         N/A       98%         2
 Hailstorm                Conj/Ice       0%         3d3       100%        3
 Animate Dead             Necr           0%         N/A       100%        4
 Dispel Undead            Necr           0%         3d6       100%        4
 Ice Form                 Ice/Tmut       0%         N/A       100%        4
 Leda's Liquefaction      Hex/Erth       0%         N/A       100%        4
 Summon Ice Beast         Ice/Summ       0%         N/A       100%        4
 Borgnjor's Vile Clutch   Necr/Erth      0%         N/A       100%        5
 Lee's Rapid Deconstruct  Erth           0%         3d4*      100%        5
 Summon Mana Viper        Hex/Summ       0%         N/A       100%        5
 Death Channel            Necr           0%         N/A       100%        6
 Simulacrum               Ice/Necr       0%         N/A       100%        6
 Statue Form              Tmut/Erth      0%         N/A       100%        6
 Monstrous Menagerie      Summ           0%         N/A       100%        7
 Summon Hydra             Summ           0%         N/A       100%        7


Dungeon Overview and Level Annotations

Branches:
Dungeon (9/15)             Temple (1/1) D:4            Lair (5/5) D:8
 Shoals (1/4) Lair:3        Snake (0/4) Lair:2        Slime (0/5) Lair:5
    Orc (2/2) D:9             Elf (0/3) Orc:2         Sewer (visited)
  IceCv (visited)

Altars:
Cheibriados
Gozag
Hepliaklqana
Kikubaaqudgha
Nemelex Xobeh
Okawaru
Qazlal
Sif Muna
Trog
Wu Jian
The Shining One
Jiyva

Shops:
D:3 =   D:6 (   Orc:2 [[[[!


Innate Abilities, Weirdness & Mutations

You have a pair of horns on your head.
You reflexively headbutt those who attack you in melee.


Message History

Press: ? - help, Dir - look around, f - activate You can feel time thicken for a moment.
You feel sick.
The merfolk javelineer throws a silver javelin.
The silver javelin pierces through you.
* * * LOW HITPOINT WARNING * * *
x2 The merfolk javelineer throws a silver javelin.
The silver javelin misses you.
You feel much better.
You feel sick.
The merfolk javelineer throws a silver javelin.
The silver javelin pierces through you!
* * * LOW HITPOINT WARNING * * *
x2 The merfolk javelineer throws a silver javelin.
The silver javelin pierces through you but does no damage.
* * * LOW HITPOINT WARNING * * *
Activating: Slouch (56% risk of failure)
Press: ? - help, Dir - look around, f - activate You can feel time thicken for a moment.
You feel sick.
The merfolk javelineer throws a silver javelin.
The silver javelin pierces through you!
* * * LOW HITPOINT WARNING * * *
x2 The merfolk javelineer hits you but does no damage.
You feel much better.
You feel sick.
The merfolk javelineer throws a silver javelin.
The silver javelin pierces through you!
* * * LOW HITPOINT WARNING * * *
x2 The merfolk javelineer throws a silver javelin.
The silver javelin barely misses you.
Unknown command.
You feel sick.
The merfolk javelineer throws a silver javelin.
The silver javelin barely misses you.
The merfolk javelineer throws a silver javelin.
The silver javelin closely misses you.
You feel sick.
The merfolk javelineer throws a silver javelin.
The silver javelin pierces through you!
* * * LOW HITPOINT WARNING * * *
x2 The merfolk javelineer throws a silver javelin.
The silver javelin pierces through you!
You die...

≈≈≈≈≈≈≈≈≈~..# ...!##
≈≈≈≈≈≈≈≈≈≈≈~~..## .....#.
≈≈≈≈≈≈≈≈~~~~~...####.(.~~..
≈≈≈≈≈≈~~~~....~..##....~~..
≈≈≈≈~~~~~.............~~~..
≈≈≈~~~~~~.......~.~~~~~~~..
≈≈≈~~~~..............~~~...
≈≈~~~~..........@...~~#
≈≈P~~†...).....####m###
≈≈~~~####......# #mmm.....
≈P~~~..#####.###


Hm....... ≈~~P~.....#### .......... ≈≈P~~......... ....~..≈##. ≈≈P~~~.)......
.~~~≈####~# ≈≈PP~####.......~#### ~P~ ≈≈PPP~.####..#### ~P You could see a
merfolk javelineer.

Vanquished Creatures
  Gastronok (Lair:2)
  A reaper (IceCv)
  2 merfolk impalers (Shoals:1)
  2 ice dragons
  2 hydras
  A two-headed ogre (Orc:2)
  3 skysharks
  8 orc knights
  A wolf spider (Lair:5)
  2 lindwurms (Lair:5)
  2 manticores
  An ice statue (IceCv)
  2 guardian serpents
  A water nymph (Shoals:1)
  19 cane toads
  7 black mambas
  6 torpor snails
  5 rime drakes
  6 komodo dragons
  A freezing wraith (IceCv)
  2 anaconda simulacra (IceCv)
  3 polar bears (Lair:3)
  2 trolls (Orc:2)
  10 hornets (Lair:5)
  3 tyrant leeches (Lair:5)
  The ghost of Jim1488 the Slasher, an amateur DsFi (D:4)
  18 blink frogs
  16 dream sheep
  Prince Ribbit (Lair:1)
  Sigmund (D:3)
  A dire elephant simulacrum (IceCv)
  A shadow (D:8)
  42 yaks
  6 basilisks
  13 wyverns
  2 steam dragons
  2 death yak simulacra (IceCv)
  7 wargs
  A harpy simulacrum (IceCv)
  3 redbacks (Lair:5)
  28 water moccasins
  3 black bears
  36 orc warriors
  A sky beast (D:6)
  An ice beast (D:7)
  8 ogres
  5 centaurs
  21 wolves
  4 kobold brigands
  8 bullfrogs
  2 scorpions (D:5)
  A gnoll sergeant (D:9)
  7 two-headed ogre simulacra (IceCv)
  5 wights (D:7)
  An elephant simulacrum (IceCv)
  2 electric eels (Lair:4)
  A howler monkey (D:9)
  A lava snake (D:9)
  2 hounds
  2 jellies (D:5)
  4 gnoll boudas
  11 orc priests
  Jessica (D:3)
  4 iguanas
  21 orc wizards
  14 hell rats
  7 spriggan simulacra (IceCv)
  3 troll simulacra (IceCv)
  2 polar bear simulacra (IceCv)
  4 wolf simulacra (IceCv)
  10 adders
  31 gnolls
  5 naga simulacra (IceCv)
  4 river rats (Sewer)
  2 shadow imps (D:7)
  10 white imps
  5 ufetubi (IceCv)
  6 worms
  3 dart slugs
  101 orcs
  3 bats
  8 endoplasms
  4 giant cockroaches
  11 goblins
  10 hobgoblins
  2 jackals (D:1)
  11 kobolds
  4 quokkas
  10 ball pythons
  5 frilled lizards
  12 rats
675 creatures vanquished.

Notes
Turn   | Place    | Note
-------+----------+-------------------------------------------
     0 | D:1      | Joey1 the Minotaur Fighter began the quest for the Orb.
     0 | D:1      | Reached XP level 1. HP: 19/19 MP: 0/0
    88 | D:1      | Reached XP level 2. HP: 27/27 MP: 1/1
   301 | D:1      | Reached skill level 1 in Dodging
   415 | D:1      | Reached skill level 4 in Fighting
   462 | D:1      | Reached XP level 3. HP: 27/33 MP: 2/2
  1205 | D:2      | Found a faded altar of an unknown god.
  1387 | D:2      | Reached XP level 4. HP: 32/40 MP: 3/3
  1600 | D:3      | Noticed Jessica
  1604 | D:3      | Killed Jessica
  1755 | D:3      | You fall into a shaft and drop 1 floor!
  1763 | D:4      | Found a glowing drain.
  1784 | Sewer    | Entered a sewer
  1850 | Sewer    | Noticed a kobold brigand
  1864 | Sewer    | Reached skill level 5 in Fighting
  1881 | Sewer    | Killed a kobold brigand
  1882 | Sewer    | Reached skill level 5 in Axes
  1882 | Sewer    | Reached XP level 5. HP: 31/48 MP: 4/4
  2078 | Sewer    | Reached XP level 6. HP: 50/56 MP: 5/5
  2239 | Sewer    | Reached skill level 6 in Fighting
  2621 | D:4      | Found a staircase to the Ecumenical Temple.
  2630 | Temple   | Entered the Ecumenical Temple
  2646 | Temple   | Became a worshipper of Cheibriados the Contemplative
  2919 | D:4      | Reached XP level 7. HP: 60/63 MP: 6/6
  2952 | D:4      | Found a runed translucent gate.
  2952 | D:4      | Found a runed translucent gate.
  2953 | D:4      | Found a runed translucent gate.
  2955 | D:4      | Noticed Jim1488's ghost (amateur DsFi)
  3145 | D:3      | Noticed Sigmund
  3159 | D:3      | Killed Sigmund
  3160 | D:3      | Reached skill level 5 in Armour
  3160 | D:3      | Reached skill level 5 in Shields
  3325 | D:3      | Reached * piety under Cheibriados
  3427 | D:3      | Found Perr's Jewellery Shop.
  3629 | D:4      | Reached skill level 7 in Fighting
  3957 | D:4      | Killed Jim1488's ghost
  3958 | D:4      | Reached XP level 8. HP: 35/73 MP: 7/7
  4124 | D:5      | Entered Level 5 of the Dungeon
  4372 | D:5      | Found a stormy altar of Qazlal.
  4374 | D:5      | Found an ornate altar of the Wu Jian Council.
  4387 | D:5      | Reached ** piety under Cheibriados
  4518 | D:5      | Reached skill level 10 in Axes
  5228 | D:6      | Reached XP level 9. HP: 79/79 MP: 8/8
  5243 | D:6      | Reached *** piety under Cheibriados
  5357 | D:6      | Identified the +1 ring mail of Quhaj {Int+8}
  5425 | D:6      | Found Tosaaduf's Weapon Boutique.
  5464 | D:6      | Found an ornate altar of the Wu Jian Council.
  5570 | D:6      | Found a stormy altar of Qazlal.
  6290 | D:7      | Reached skill level 8 in Fighting
  6372 | D:7      | Reached skill level 9 in Fighting
  6391 | D:7      | Reached **** piety under Cheibriados
  6942 | D:8      | Reached skill level 10 in Fighting
  7263 | D:8      | Reached XP level 10. HP: 51/93 MP: 9/9
  7687 | D:8      | Found a shimmering blue altar of Sif Muna.
  7830 | D:8      | Found a staircase to the Lair.
  8589 | D:9      | Reached skill level 11 in Fighting
  8773 | D:9      | Reached ***** piety under Cheibriados
  8782 | D:9      | Reached skill level 12 in Fighting
  9008 | D:9      | Identified the +0 leather armour of Dogma {+Blink rElec rF-
                  | Str-3}
  9076 | D:9      | Found a staircase to the Orcish Mines.
  9163 | Lair:1   | Entered Level 1 of the Lair of Beasts
  9238 | Lair:1   | Noticed a cane toad
  9246 | Lair:1   | Killed a cane toad
  9287 | Lair:1   | Reached skill level 15 in Axes
  9474 | Lair:1   | Reached XP level 11. HP: 60/104 MP: 10/10
 10097 | Lair:1   | Noticed Prince Ribbit
 10107 | Lair:1   | Killed Prince Ribbit
 10124 | Lair:1   | Reached skill level 5 in Dodging
 10390 | Lair:2   | Reached ****** piety under Cheibriados
 10618 | Lair:2   | Found a staircase to the Snake Pit.
 10886 | Lair:2   | Noticed a skyshark
 10893 | Lair:2   | Killed a skyshark
 10956 | Lair:2   | Noticed a six-headed hydra
 10970 | Lair:2   | Killed a six-headed hydra
 11216 | Lair:2   | Noticed a skyshark
 11218 | Lair:2   | Reached XP level 12. HP: 113/113 MP: 11/11
 11224 | Lair:2   | Reached skill level 13 in Fighting
 11307 | Lair:2   | Noticed Gastronok
 11355 | Lair:2   | Killed Gastronok
 11726 | Lair:2   | Reached skill level 14 in Fighting
 12017 | Lair:3   | Found a frozen archway.
 12030 | Lair:3   | Noticed an ice dragon
 12054 | Lair:3   | Killed an ice dragon
 12055 | Lair:3   | Reached skill level 15 in Fighting
 12067 | IceCv    | Entered an ice cave
 12965 | IceCv    | Reached skill level 16 in Fighting
 12979 | IceCv    | Noticed a reaper
 12992 | IceCv    | Killed a reaper
 14052 | Lair:3   | Reached XP level 13. HP: 97/128 MP: 12/12
 14234 | Lair:3   | Found a staircase to the Shoals.
 14557 | Lair:3   | You fall into a shaft and drop 2 floors!
 14557 | Lair:5   | Entered Level 5 of the Lair of Beasts
 14721 | Lair:5   | Reached skill level 17 in Fighting
 14986 | Lair:5   | Found a staircase to the Slime Pits.
 14987 | Lair:5   | Found a viscous altar of Jiyva.
 15793 | Lair:4   | Reached skill level 18 in Fighting
 16859 | Lair:5   | Reached XP level 14. HP: 113/143 MP: 13/13
 17018 | Lair:5   | Found a runed translucent door.
 17370 | Lair:5   | Reached skill level 19 in Fighting
 17975 | Orc:1    | Entered Level 1 of the Orcish Mines
 18209 | Orc:2    | Entered Level 2 of the Orcish Mines
 18834 | Orc:2    | Found a staircase to the Elven Halls.
 18868 | Orc:2    | Found Puunymue's Antique Armour Shop.
 18869 | Orc:2    | Found Jumorch's Distillery.
 19650 | Orc:2    | Reached skill level 20 in Fighting
 19702 | Orc:2    | Bought a potion of lignification for 42 gold pieces
 19702 | Orc:2    | Bought a potion of heal wounds for 70 gold pieces
 19846 | Orc:2    | Found Zuoryoraty's Antique Armour Shop.
 19846 | Orc:2    | Found Fisoavut's Armour Shoppe.
 19863 | Orc:2    | Bought a runed hat for 196 gold pieces
 20079 | Orc:2    | Found Xokkog's Armour Shop.
 20442 | Orc:2    | Bought a +0 pair of boots of flying for 184 gold pieces
 20495 | Orc:2    | Bought a potion of mutation for 112 gold pieces
 20657 | Shoals:1 | Entered Level 1 of the Shoals
 20854 | Shoals:1 | Identified the +10 spear "Teugit Ufi" {flame, Str+2}
 20884 | Shoals:1 | HP: 6/148 [merfolk javelineer/silver javelin (16)]
 20884 | Shoals:1 | Hit by a silver javelin thrown by a merfolk javelineer

Illustrated notes

Levels and vault maps discovered:
D:1:      kennysheep_arrival_forest, layout_basic, minmay_misc_feat_rugged,
          supply_closet_lemuel, kennysheep_flooded_box
D:2:      layout_rooms, serial_bayou, serial_bayou_shore_a,
          serial_bayou_crossing, serial_bayou_shore_b, serial_bayou_pond_a,
          shapermc_ecumenical_altar_mp_ritualfount, corexii_hall_statues_t,
          minmay_misc_feat_plants
D:3:      layout_basic, serial_shops, shop, grunt_ministairs_4, uniq_jessica,
          uniq_sigmund
D:4:      layout_loops_cross, minmay_temple_entry_junction,
          portal_sewer_entry_b, biasface_ghost_orc_armoury,
          nicolae_grassy_gnolls
D:5:      layout_basic, chequers_temple_overflow_statue_of_worship
D:6:      layout_gridville, serial_shops, nicolae_shop_real_fake_doors,
          hangedman_feature_mirror, sigmund_army
D:7:      layout_cave_pools, minmay_a_box_with_orc_wizards_in_it
D:8:      layout_basic, mainiacjoe_overflow_chevrons, lair_entry_dummy,
          minmay_holes
D:9:      layout_irregular_city, hiddenorc1_lemuel, kennysheep_crisscross,
          kennysheep_small_circle
Temple:   compressed_dpeg_circular_temple
Lair:1:   layout_regular_city, grunt_megastairs_1, uniq_prince_ribbit2
Lair:2:   layout_gridlike, minmay_snake_entry_spellcaster, uniq_gastronok
Lair:3:   layout_cave_pods, minmay_shoals_entry_centaurs,
          portal_ice_cave_entry_animals_and_master, beast_lair_carwin_3
Lair:4:   layout_cellular_growth, pdpol_lair_cavern_descent, grunt_megastairs_5
Lair:5:   hangedman_lair_tendril_chambers, layout_long_grid, wormcave,
          slime_entry_1, kennysheep_basilisk_garden, lemuel_fruit_tree
Shoals:1: layout_shoals, nicolae_shoals_pincushion_passage
Orc:1:    layout_caves
Orc:2:    st_orc_town, layout_caves, serial_shops,
          nicolae_shop_pleasant_corner_grove

Skill      XL: |  1  2  3  4  5  6  7  8  9 10 11 12 13 14 |
---------------+-------------------------------------------+-----
Dodging        | 1 2 3 6 7 8 |  8.8
Fighting       | 4 5 6 7 10 12 16 18 20 | 20.0
Shields        | 4 5 8 9 |  9.8
Armour         | 4 5 8 9 |  9.8
Axes           | 3 5 6 7 8 11 13 15 16 18 | 18.0

Action                     |  1- 3 |  4- 6 |  7- 9 | 10-12 | 13-15 || total
---------------------------+-------+-------+-------+-------+-------++-------
  Melee: War axe           |   104 |   134 |   275 |   480 |   630 ||  1623
         Headbutt          |     7 |    16 |    46 |   120 |   145 ||   334
         Mace              |       |       |       |     9 |       ||     9
         Demon trident     |       |       |       |       |     4 ||     4
 Invoke: Slouch            |       |       |       |       |     2 ||     2
    Use: Scroll            |       |       |     7 |     3 |     5 ||    15
         Potion            |       |       |     1 |       |     5 ||     6
   Stab: Distracted        |       |       |       |     2 |     1 ||     3
 Armour: Scale mail        |    55 |    39 |    44 |       |       ||   138
         Ring mail         |       |       |    35 |    94 |       ||   129
         Crystal plate arm |       |       |       |     7 |   238 ||   245
  Dodge: Dodged            |    49 |    64 |   131 |   281 |   421 ||   946
  Block: Buckler           |    24 |    15 |    69 |   130 |   249 ||   487
